 Dungeon Crawl Stone Soup version 0.25-a0-578-gc91f01c39c (webtiles) character file.

Game seed: 202108001646736366, levelgen mode: deterministic

140 Esekla the Charlatan (level 5, -3/25 HPs)
             Began as a Spriggan Artificer on Mar 4, 2020.
             Killed from afar by an orc wizard (7 damage)
             ... with a magic dart
             ... on level 3 of the Dungeon.
             The game lasted 00:20:32 (2780 turns).

Esekla the Charlatan (Spriggan Artificer)           Turns: 2780, Time: 00:20:33

Health: -3/25      AC:  2    Str:  8    XL:     5   Next: 2%
Magic:  9/9        EV: 19    Int: 13    God:
Gold:   73         SH:  0    Dex: 17    Spells: 4/4 levels left

rFire    . . .     SeeInvis +   l - +3 dagger
rCold    . . .     Gourm    .   (shield restricted)
rNeg     . . .     Faith    .   b - +0 robe
rPois    .         Spirit   .   (helmet restricted)
rElec    .         Reflect  .   (no cloak)
rCorr    .         Harm     .   (gloves unavailable)
MR       .....                  (boots unavailable)
Stlth    ++........             (no amulet)
HPRegen  0.08/turn              (no ring)
MPRegen  0.11/turn              (no ring)

@: very quick
A: very small, unfitting armour, see invisible, herbivore, speed 3, slow
metabolism 2
a: no special abilities


You were on level 3 of the Dungeon.
You were not hungry.

You visited 1 branch of the dungeon, and saw 3 of its levels.

You collected 73 gold pieces.

Inventory:

Hand Weapons
 l - a +3 dagger (weapon)
 r - a +0 whip of freezing
Missiles
 h - 23 poisoned darts (quivered)
 i - 7 boomerangs
Armour
 b - a +0 robe (worn)
Jewellery
 a - an uncursed ring of fire
Wands
 c - a wand of flame (40)
 d - a wand of enslavement (15)
 e - a wand of random effects (15)
Scrolls
 n - a scroll of identify
Potions
 g - 2 potions of curing
 j - 3 potions of brilliance
 k - 2 potions of haste
 m - a potion of stabbing {unknown}
 o - a potion of degeneration
 p - a potion of cancellation {unknown}
 q - a potion of resistance {unknown}
Comestibles
 f - 5 rations


   Skills:
 + Level 1.0 Fighting
 + Level 2.2 Short Blades
 + Level 1.7 Throwing
 + Level 4.2 Dodging
 + Level 3.1 Stealth
 + Level 5.3 Evocations


You had 4 spell levels left.
You didn't know any spells.
Your spell library was empty.

Dungeon Overview and Level Annotations

Branches:
Dungeon (3/15)

Altars:
Uskayaw
Wu Jian

Portals:
Sewer: D:3


Innate Abilities, Weirdness & Mutations

You are very small and have problems with some larger weapons.
You are too small for most types of armour.
You have supernaturally acute eyesight. (SInv)
You are a herbivore.
You cover ground extremely quickly.
You need to consume almost no food.


Message History

The orc shouts!
The orc wizard shouts!
You hear a shout!
You see here a poisoned dart.
h - 23 poisoned darts (gained 1)
The orc wizard gestures at you while chanting.
The magic dart hits you.
* * * LOW HITPOINT WARNING * * *
You see here a rat corpse.
You see here a giant cockroach corpse.
There is an open door, spattered with blood here.
You enter the shallow water.
Moving in this stuff is going to be slow.
The orc wizard casts a spell.
The orc wizard seems to speed up.
You open the large door.
Found a glowing drain.
There is a large open door here.
There is a glowing drain here.
The orc wizard casts a spell at you. The magic dart hits you!
You die...

.......# ......##### #########
..........# #.....†.# .
###...##.#####.#####.######### .
........†...).............##.. .
###......Z....####.####..#.#
.#######..####.###.####.####.....
......†.'##≈≈###≈#...............
.....##†#≈≈o≈≈≈'@#...##.########.
.......†#≈≈≈o≈≈'≈#...##.. #.
........'##≈≈###≈#...s...# ##
......(#..#### ###..#.#.## #
......(...... ..#.# #. #
.#............. ## ### +. #
.#(..(......#.# #..#
##.o......#<# . #... #........###
#...


You could see an orc wizard and an orc.

Vanquished Creatures
  4 adders
  3 oozes
  2 leopard geckos (D:1)
  7 orcs (D:3)
  7 giant cockroaches
  4 goblins
  11 hobgoblins
  5 jackals
  A quokka (D:3)
  A ball python (D:2)
  9 bats
  2 frilled lizards
  A jackal skeleton (D:3)
  13 kobolds
  8 rats
78 creatures vanquished.

Notes
Turn   | Place    | Note
-------+----------+-------------------------------------------
     0 | D:1      | Esekla the Spriggan Artificer began the quest for the Orb.
     0 | D:1      | Reached XP level 1. HP: 9/9 MP: 4/4
   337 | D:2      | Reached XP level 2. HP: 9/14 MP: 6/6
   557 | D:2      | Reached skill level 5 in Evocations
   557 | D:2      | Reached XP level 3. HP: 9/17 MP: 7/7
   676 | D:2      | Found a hide-covered altar of Uskayaw.
   721 | D:2      | Noticed a water moccasin
   915 | D:2      | Found an ornate altar of the Wu Jian Council.
  1374 | D:1      | Reached skill level 1 in Throwing
  1374 | D:1      | Reached XP level 4. HP: 14/21 MP: 8/8
  1471 | D:1      | Reached skill level 1 in Fighting
  2584 | D:3      | HP: 1/22 [orc/+0 flail (11)]
  2732 | D:3      | Reached XP level 5. HP: 9/25 MP: 9/9
  2777 | D:3      | Found a glowing drain.
  2780 | D:3      | Killed from afar by an orc wizard

Levels and vault maps discovered:
D:1:      saegor_arrival_simple_b, layout_basic
D:2:      layout_basic, nicolae_overflow_crystal_walls, old_standard_altar,
          minmay_tromino_v2
D:3:      layout_basic, gup_sewer_entry_bowl, chequers_ecumenical_altar_lobes,
          minmay_misc_feat_secret_circle

Skill      XL: |  1  2  3  4 |
---------------+-------------+-----
Evocations     | 5 |  5.3
Stealth        | 2 3 |  3.1
Throwing       | 1 |  1.7
Fighting       | 1 |  1.0
Dodging        | 4 |  4.2
Short Blades   | 2 |  2.2

Action                   |  1- 3 |  4- 6 || total
-------------------------+-------+-------++-------
Melee: Short sword       |    28 |       ||    28
       Dagger            |    88 |   128 ||   216
Throw: Dart              |    31 |    33 ||    64
       Boomerang         |       |     1 ||     1
  Use: Scroll            |       |     4 ||     4
 Stab: Sleeping          |     4 |     2 ||     6
Armor: Robe              |    14 |    17 ||    31
Dodge: Dodged            |    82 |   108 ||   190

Table legend:
 A = Non-vault XP
 B = Vault XP
 C = Vault XP percentage of total XP
 D = Non-vault monster count
 E = Vault monster count
 F = Vault count percentage of total count
                 A         B        C        D         E       F
            +---------+---------+-------+---------+---------+-------
      Total |     197 |       4 |   2.0 |      75 |       3 |   3.8
            +---------+---------+-------+---------+---------+-------
        D:1 |      61 |       0 |   0.0 |      27 |       0 |   0.0
        D:2 |      80 |       0 |   0.0 |      28 |       0 |   0.0
        D:3 |      56 |       4 |   6.7 |      20 |       3 |  13.0
            +---------+---------+-------+---------+---------+-------
